 Dungeon Crawl Stone Soup version 0.27-a0-445-gbe96e517c0 (webtiles) character file.

Game seed: 6844947968609157042

171054 So1o the Warrior (level 16, -12/83 HPs)
             Began as a Felid Enchanter on Feb 27, 2021.
             Was the Champion of Ashenzari.
             Mangled by a yaktaur captain (20 damage)
             ... on level 1 of the Vaults.
             The game lasted 04:41:47 (70655 turns).

So1o the Warrior (Felid Enchanter)                 Turns: 70655, Time: 04:41:47

Health: -12/83     AC:  3    Str:  2    XL:     16   Next: 81%
Magic:  8/36       EV: 28    Int: 23    God:    Ashenzari [******]
Gold:   2921       SH:  0    Dex: 17    Spells: 15/46 levels left
                                        Lives:  0   Deaths: 2

rFire    + . .     SeeInvis +     - Unarmed
rCold    + . .     Faith    .   (shield unavailable)
rNeg     . . .     Spirit   .   (armour unavailable)
rPois    .         Reflect  .   (helmet unavailable)
rElec    .         Harm     .   (cloak unavailable)
rCorr    +         Rampage  .   (gloves unavailable)
Will     ++...     Clarity  +   (boots unavailable)
Stlth    +++.......             x - amulet "Tethered Soothsayer" {Acrobat, Hex, Summ} (curse)
HPRegen  0.23/turn              B - ring of Ashenzari's Insecurity {rCorr, Necr, Spc} (curse)
MPRegen  0.25/turn              E - ring of the Celestial Augur {rF+, Fght, Spc} (curse)

@: confused, slowed, slow
A: very small, no armour, no weapons or thrown items, stealth, claws 1, fangs 3,
see invisible, speed 1, shaggy fur 3, weak 1, sharp paws
}: 2/15 runes: decaying, gossamer
a: Renounce Religion, Shatter the Chains


You were on level 1 of the Vaults.
You worshipped Ashenzari.
Ashenzari was exalted by your worship.
You visited 6 branches of the dungeon, and saw 32 of its levels.
You also visited: Ice Cave.

You collected 3746 gold pieces.
You spent 825 gold pieces at shops.

Inventory:

Jewellery
 x - the cursed amulet "Tethered Soothsayer" (around neck) {Acrobat, Hex, Summ}
   (You found it on level 10 of the Dungeon)

   [amulet of the acrobat]

   It helps you evade while moving and waiting.
   It has a curse placed upon it.
 B - the cursed ring of Ashenzari's Insecurity (left paw) {rCorr, Necr, Spc}
   (You found it on level 1 of the Lair of Beasts)

   [ring of resist corrosion]

   It provides partial protection from all sources of acid and corrosion.
   It has a curse placed upon it.
 E - the cursed ring of the Celestial Augur (right paw) {rF+, Fght, Spc}
   (You found it on level 4 of the Lair of Beasts)

   [ring of protection from fire]

   It protects you from fire.
   It has a curse placed upon it.
 F - an amulet of guardian spirit
 H - a ring of willpower
 I - a ring of flight
 K - a ring of flight
 L - an amulet of faith
 Q - a +4 ring of evasion
 R - the amulet "Sozat" {Acrobat rPois rN+}
   (You found it on level 9 of the Dungeon)

   [amulet of the acrobat]

   It helps you evade while moving and waiting.
   It protects you from poison.
   It protects you from negative energy.
 T - a +6 ring of strength
Wands
 q - a wand of mindburst (16)
 r - a wand of flame (113)
 u - a wand of acid (20)
 v - a wand of digging (14)
 A - a wand of iceblast (25)
 D - a wand of random effects (26)
 J - a wand of polymorph (18)
 N - a wand of paralysis (12)
Scrolls
 d - 22 scrolls of identify {@r1}
 e - 5 scrolls of fog
 f - 5 scrolls of immolation
 g - 7 scrolls of amnesia
 k - 6 scrolls of magic mapping
 m - 2 scrolls of vulnerability
 n - a scroll of fear
 o - 4 scrolls of blinking
 s - 2 scrolls of holy word
 M - a scroll of silence
Potions
 a - 2 potions of berserk rage
 c - 6 potions of haste
 h - 5 potions of attraction
 i - 6 potions of might
 j - 3 potions of cancellation
 l - 5 potions of flight
 p - 3 potions of ambrosia
 t - 5 potions of brilliance
 w - 8 potions of mutation
 G - 2 potions of resistance
 O - 4 potions of lignification
Miscellaneous
 y - a lightning rod (4/4)
 P - a phial of floods


   Skills:
 + Level 16.6(19.8) Fighting
 - Level 12.2 Dodging
 - Level 13.3 Stealth
 - Level 10.0 Unarmed Combat
 + Level 15.6(20.7) Spellcasting
 - Level 13.4(16.8) Hexes
 - Level 9.1 Transmutations
 + Level 12.2 Earth Magic


You had 15 spell levels left.
You knew the following spells:

 Your Spells              Type           Power        Failure   Level
a - Confusing Touch       Hex            79%          0%          3
b - Statue Form           Tmut/Erth      43%          3%          6
c - Stone Arrow           Conj/Erth      100%         1%          3
d - Lee's Rapid Deconstr  Erth           34%          1%          5
e - Corona                Hex            87%          0%          1
f - Tukima's Dance        Hex            79%          0%          3
g - Iron Shot             Conj/Erth      25%          24%         6
i - Ensorcelled Hibernat  Hex/Ice        100%         1%          2
j - Passwall              Tmut/Erth      54%          1%          2

Your spell library contained the following spells:

 Spells                   Type           Power        Failure   Level
 Sandblast                Erth           100%         0%          1
 Beastly Appendage        Tmut           100%         1%          1
 Sting                    Tmut/Pois      100%         1%          1
 Wereblood                Tmut           60%          1%          2
 Dazzling Flash           Conj/Hex       100%         1%          3
 Ignite Poison            Fire/Tmut/Pois 37%          1%          3
 Spider Form              Tmut/Pois      22%          1%          3
 Petrify                  Tmut/Erth      65%          1%          4
 Blade Hands              Tmut           30%          1%          5
 Corpse Rot               Necr/Air       N/A          2%          2
 Poisonous Vapours        Pois/Air       46%          2%          2
 Ice Form                 Ice/Tmut       45%          2%          4
 Mephitic Cloud           Conj/Pois/Air  23%          5%          3
 Hydra Form               Tmut           30%          7%          6
 Irradiate                Conj/Tmut      22%          8%          5
 Bolt of Magma            Conj/Fire/Erth 21%          10%         5
 Olgreb's Toxic Radiance  Pois           23%          19%         4
 Dragon Form              Tmut           30%          36%         7
 Eringya's Noxious Bog    Tmut/Pois      22%          41%         6
 Summon Forest            Summ/Tloc      12%          43%         5
 Iskenderun's Battlesphe  Conj           23%          45%         5
 Orb of Destruction       Conj           11%          100%        7
 Spellforged Servitor     Conj/Summ      12%          100%        7
 Summon Hydra             Summ           13%          100%        7


Dungeon Overview and Level Annotations

Branches:
Dungeon (15/15)            Temple (0/1) D:5            Lair (6/6) D:8
  Swamp (4/4) Lair:4       Spider (4/4) Lair:4        Slime (0/5) Lair:5
    Orc (2/2) D:10            Elf (0/3) Orc:2        Vaults (1/5) D:14
 Depths (0/5) D:15          IceCv (visited)

Altars:
Ashenzari
Dithmenos
Fedhas
Makhleb
Nemelex Xobeh
Qazlal
Trog
Vehumet
Wu Jian
Xom
The Shining One
Jiyva

Shops:
D:9 *   Orc:2 ([([=

Annotations:
D:2 exclusion: gnoll
D:7 exclusion: hornet
D:9 2 transporters, 1 exclusion, Erolcha; mojasp's ghost, novice DEHu
Lair:1 Fannar; Gastronok
Lair:2 Harold; Sonja
Swamp:3 Lernaean hydra
Spider:2 exclusion: 2 oklob plants, Asterion; Nikola
Spider:3 3 runed translucent doors, Gaequw's ghost, adept DsGl; Mara; Zaguo's ghost, adept MfTm
Spider:4 Louise


Innate Abilities, Weirdness & Mutations

You cannot wear armour.
You are incapable of wielding weapons or throwing items.
Your paws allow you to move quietly. (Stealth)
You have sharp claws.
You have razor-sharp teeth.
You have supernaturally acute eyesight. (SInv)
You cover ground quickly.
Your thick and shaggy fur keeps you warm. (AC +3, rC+)
Your sharp claws are effective at attacking unaware monsters.
You are weak. (Str -2)


Message History

Casting: Confusing Touch (safe; 0% risk of failure)
Confirm with . or Enter, or press ? or * to list all spells.
Your paws begin to glow red.
The wraith closely misses you. The yaktaur captain barely misses you.
The wraith misses you.
You scratch the yaktaur captain but do no damage.
The yaktaur captain is lightly wounded.
The yaktaur captain hits you!!
* * * LOW HITPOINT WARNING * * *
The wraith closely misses you. The yaktaur captain hits you!
* * * LOW HITPOINT WARNING * * *
Okay, then.
You feel better.
The yaktaur changes into a deep troll!
The wraith misses you. The yaktaur captain closely misses you.
The wraith hits you but does no damage.
You scratch the yaktaur captain but do no damage.
The yaktaur captain appears confused.
The yaktaur captain is lightly wounded.
You revert to your normal fleshy form.
The wraith misses you.
You feel better.
The yaktaur captain looks very confused.
The wraith hits you!
* * * LOW HITPOINT WARNING * * *
The wraith drains your vigour!
You feel yourself slow down.
You feel better. The wraith misses you. The yaktaur captain hits you!
* * * LOW HITPOINT WARNING * * *
You feel better. The wraith completely misses you.
The yaktaur captain misses you. The wraith misses you.
Okay, then.
Okay, then.
Okay, then.
You scratch the yaktaur captain.
The yaktaur captain is lightly wounded.
The yaktaur captain hits you.
* * * LOW HITPOINT WARNING * * *
The wraith completely misses you.
You scratch the yaktaur captain but do no damage.
You bite the yaktaur captain, but do no damage.
The yaktaur captain is lightly wounded.
The wraith hits you!
* * * LOW HITPOINT WARNING * * *
The wraith drains your vigour!
You feel as though you will be slow longer.
A vault guard comes into view. It is wielding a +0 war axe.
The yaktaur captain completely misses you.
You are confused.
You feel invigorated. The wraith completely misses you.
The yaktaur captain looks very confused.
The yaktaur captain hits you!!
You die...

*, #....######## ,*
*#............ ,, #####
,,#..{......... * ,
#...., #........†(..
#.....'..#.......#)###
*#.....#..#.{.....#.)..
*
**...Te#..p.......#....
,
**..#W#####.......#....
* ,
*..#.@..##.......#....
*
*..#..c.##.......#....
,,
*#########.......#....
, *
#########[.,,.o.#.... *
, #########.., ...#####
, * ,, ........ ,
,,,,.[...... * ,* *,
........ *,,* *, ,
,,....


You could see a yaktaur captain (confused), a vault guard (wandering), a deep
troll shaped shifter, a deep elf knight (invisible) and a wraith.

Vanquished Creatures
  Rupert (Lair:4)
  A thorn hunter (Swamp:4)
  An orc warlord (Orc:2)
  7 emperor scorpions
  A vault warden (Vaults:1)
  4 ghost moths (Spider:4)
  An ironheart preserver (Vaults:1)
  4 entropy weavers
  2 spark wasps
  3 bunyips
  Snorg (D:10)
  4 eleionomae
  3 fire dragons (D:15)
  23 hydras
  A rakshasa (Vaults:1)
  A great orb of eyes (D:9)
  4 vault guards (D:14)
  2 ghost crabs
  3 boulder beetles
  4 centaur warriors
  3 catoblepae (Lair:6)
  Erica (D:8)
  4 two-headed ogres
  12 death yaks
  9 alligators
  The ghost of Mitsuki the Destroyer, a journeyman DECj of Cheibriados (D:11)
  2 orc high priests (Orc:2)
  Urug (Lair:4)
  A tengu warrior (D:14)
  A fire crab (Lair:4)
  5 goliath frogs
  An unseen horror (D:12)
  4 deep trolls (Vaults:1)
  An unseen horror (shapeshifter) (D:15)
  5 spriggan druids
  14 swamp dragons
  2 wizards (D:14)
  8 bog bodies
  A necromancer (Vaults:1)
  24 orb spiders
  4 orc knights
  2 deep elf pyromancers
  6 cyclopes
  4 manticores
  14 slime creatures
  15 ugly things
  A tengu skeleton (Vaults:1)
  34 wolf spiders
  A moth of wrath (Spider:2)
  4 orc sorcerers
  7 elephants (Lair:5)
  2 will-o-the-wisps
  2 ice statues (IceCv)
  5 black mambas
  A vault sentinel (Vaults:1)
  2 molten gargoyles (D:14)
  A torpor snail (Lair:5)
  10 cane toads
  2 gargoyles (D:15)
  3 kobold demonologists
  8 komodo dragons
  7 demonic crawlers
  A tengu conjurer (D:9)
  A freezing wraith (D:14)
  2 yaktaurs (D:14)
  4 rime drakes
  2 efreet (D:15)
  A human skeleton (Vaults:1)
  2 ice devils (D:15)
  9 trolls
  43 jumping spiders
  17 hornets
  A harpy zombie (D:15)
  2 polar bears
  A wolf spider simulacrum (D:14)
  3 meliai
  9 tyrant leeches
  4 blink frogs
  5 dream sheep (Lair:5)
  A slime creature (shapeshifter) (D:14)
  A human simulacrum (Vaults:1)
  78 redbacks
  2 wraiths
  A shadow (D:11)
  23 tarantellas
  10 spriggans
  3 wyverns
  2 humans (D:14)
  50 yaks
  3 basilisks
  A steam dragon (D:11)
  16 vampire mosquitoes
  A dancing weapon (D:3)
  A warg (Orc:1)
  17 swamp worms
  4 acid dragons
  7 water moccasins
  24 orc warriors
  A floating eye (shapeshifter) (Vaults:1)
  10 swamp drakes
  9 ice beasts
  9 sky beasts
  7 black bears
  2 boggarts (Vaults:1)
  2 eyes of draining
  10 ogres
  2 necrophages (D:7)
  16 wolves
  17 centaurs
  5 phantoms
  6 kobold brigands
  16 bullfrogs
  2 wyvern zombies
  4 scorpions
  10 killer bees (D:11)
  7 wights
  The ghost of Morbidden the Ducker, a weakling DsGl (D:3)
  3 electric eels
  8 howler monkeys
  5 lava snakes (D:14)
  4 bullfrog zombies
  3 quasits
  A bullfrog skeleton (D:9)
  4 centaur zombies
  9 hounds
  5 jellies
  13 orc priests
  3 gnoll shamans
  4 centaur skeletons
  5 iguanas
  18 orc wizards
  9 worker ants
  A worker ant zombie (D:7)
  Robin (D:3)
  8 gnolls
  A howler monkey skeleton (D:11)
  19 adders
  A shadow imp (D:7)
  5 white imps
  2 ufetubi
  An ooze (D:3)
  3 adder skeletons
  3 worms
  3 dart slugs
  13 leopard geckos
  71 orcs
  3 giant cockroaches
  11 goblins
  8 hobgoblins
  13 jackals
  31 kobolds
  3 quokkas
  A ball python (D:1)
  6 bats
  2 frilled lizards
  A giant cockroach zombie (D:5)
  A leopard gecko skeleton (D:4)
  A leopard gecko zombie (D:5)
  A quokka skeleton (D:9)
  7 rats
1109 creatures vanquished.

Vanquished Creatures (collateral kills)
  4 two-headed ogres
  An orc high priest (Orc:2)
  3 orc knights (Orc:2)
  An orb spider (Spider:2)
  An orc sorcerer (Orc:2)
  Sigmund (D:4)
  5 redbacks
  A necrophage (D:10)
  8 orc warriors
  4 ogres
  6 wights
  A gnoll shaman (Orc:2)
  6 orc priests (Orc:2)
  3 orc wizards (Orc:2)
  6 gnolls
  14 orcs
  A goblin (D:4)
  A kobold (D:12)
67 creatures vanquished.

Vanquished Creatures (others)
  An entropy weaver (Spider:2)
  A bloated husk (Swamp:1)
  A redback (Spider:4)
  17 dancing weapons
  An orc priest (Orc:2)
  A bullfrog skeleton (D:13)
  An orc (Orc:2)
  A bush (D:7)
  37 foxfires
  39 fungi
  110 plants
  6 withered plants (Spider:3)
216 creatures vanquished.

Grand Total: 1392 creatures vanquished

Notes
Turn   | Place    | Note
-------+----------+-------------------------------------------
     0 | D:1      | So1o the Felid Enchanter began the quest for the Orb.
     0 | D:1      | Reached XP level 1. HP: 7/7 MP: 4/4
   534 | D:1      | Reached XP level 2. HP: 11/11 MP: 3/6
  1957 | D:2      | Reached XP level 3. HP: 12/15 MP: 7/7
  1961 | D:2      | Learned a level 3 spell: Confusing Touch
  2301 | D:2      | Found an ornate altar of the Wu Jian Council.
  2905 | D:2      | Reached skill level 1 in Fighting
  3533 | D:3      | Found a runed translucent door.
  3539 | D:3      | Noticed Morbidden's ghost (weakling DsGl)
  3560 | D:3      | Reached XP level 4. HP: 19/19 MP: 4/8
  3761 | D:3      | Reached skill level 5 in Hexes
  4844 | D:3      | Reached XP level 5. HP: 22/22 MP: 5/9
  4872 | D:3      | Reached skill level 5 in Stealth
  4933 | D:4      | Noticed Sigmund
  5110 | D:3      | Learned a level 3 spell: Tukima's Dance
  5111 | D:4      | Noticed an ogre
  5155 | D:3      | Killed an ogre
  5546 | D:3      | Reached skill level 2 in Fighting
  5546 | D:3      | Gained mutation: You are covered in thick fur. (AC +2)
                  | [Felid growth]
  5546 | D:3      | Reached XP level 6. HP: 9/26 MP: 9/11
  5753 | D:3      | Learned a level 2 spell: Ensorcelled Hibernation
  5816 | D:4      | Noticed a sky beast
  5844 | D:3      | Killed a sky beast
  6235 | D:4      | Killed Sigmund
  6282 | D:4      | Reached skill level 5 in Dodging
  6304 | D:4      | Reached XP level 7. HP: 30/30 MP: 1/12
  6955 | D:4      | Noticed Robin
  8036 | D:4      | Found a sparkling altar of Nemelex Xobeh.
  8111 | D:4      | Found a sparkling altar of Nemelex Xobeh.
  8304 | D:3      | Killed Robin
  8533 | D:5      | Entered Level 5 of the Dungeon
  8554 | D:5      | Found a radiant altar of Vehumet.
  8736 | D:5      | Found a burning altar of Makhleb.
  8984 | D:5      | Found a stormy altar of Qazlal.
  8986 | D:5      | Found a shadowy altar of Dithmenos.
  8988 | D:5      | Found a bloodstained altar of Trog.
  9080 | D:5      | Reached skill level 3 in Fighting
  9527 | D:5      | Found a broken altar of Ashenzari.
  9793 | D:5      | Became a worshipper of Ashenzari the Shackled
  9925 | D:5      | Found a staircase to the Ecumenical Temple.
 10053 | D:6      | Found a glowing golden altar of the Shining One.
 10761 | D:6      | Reached XP level 8. HP: 34/34 MP: 8/14
 12582 | D:7      | Noticed a hornet
 12943 | D:7      | Reached skill level 4 in Fighting
 13713 | D:7      | Found a blossoming altar of Fedhas.
 14128 | D:8      | Noticed a two-headed ogre
 14223 | D:8      | Noticed a two-headed ogre
 14372 | D:8      | Identified the +2 short sword of the Destroying Bear
                  | {flame, rC++}
 14395 | D:8      | Found a flagged portal.
 14898 | D:8      | Found a staircase to the Lair.
 14922 | D:8      | Reached XP level 9. HP: 32/39 MP: 14/17
 15295 | D:7      | Reached skill level 5 in Unarmed Combat
 15387 | D:8      | Reached skill level 5 in Spellcasting
 16271 | D:8      | Killed a two-headed ogre
 16272 | D:8      | Reached skill level 5 in Fighting
 17343 | D:8      | Killed a two-headed ogre
 17344 | D:8      | Reached XP level 10. HP: 43/45 MP: 8/19
 18065 | D:9      | Found a transporter.
 18066 | D:9      | Found a transporter.
 18068 | D:9      | Found a viscous altar of Jiyva.
 18068 | D:9      | Noticed a great orb of eyes
 18276 | D:9      | Found a transporter.
 18412 | D:9      | Found Naeghije's Changing Room.
 18480 | D:9      | Noticed Erolcha
 18527 | D:9      | Found a transporter.
 18527 | D:9      | Noticed mojasp's ghost (novice DEHu)
 18622 | D:9      | Reached skill level 6 in Fighting
 18708 | D:9      | Identified the amulet "Sozat" {Acrobat rPois rN+}
 18862 | D:9      | Reached skill level 10 in Hexes
 19055 | D:10     | Entered Level 10 of the Dungeon
 19143 | D:10     | Noticed Snorg
 19146 | D:10     | Noticed a two-headed ogre
 19169 | D:10     | Found a staircase to the Orcish Mines.
 19409 | D:10     | Identified the +2 cloak of Lifelessness {rElec Will+++
                  | Slay-5 SInv}
 19753 | D:10     | Noticed a two-headed ogre
 19777 | D:10     | Killed a two-headed ogre
 19778 | D:10     | Reached skill level 10 in Stealth
 20073 | D:10     | Killed a two-headed ogre
 20293 | D:10     | Noticed a two-headed ogre
 20573 | D:10     | Killed a two-headed ogre
 20574 | D:10     | Reached XP level 11. HP: 43/49 MP: 18/22
 20773 | D:10     | Reached * piety under Ashenzari
 20773 | D:10     | Identified the cursed amulet "Tethered Soothsayer"
                  | {Acrobat, Hex, Summ} (You found it on level 10 of the
                  | Dungeon)
 20773 | D:10     | Reached ** piety under Ashenzari
 21020 | D:11     | Reached skill level 7 in Fighting
 21615 | D:11     | Reached skill level 10 in Dodging
 21669 | D:11     | Found a runed translucent door.
 21986 | Lair:1   | Entered Level 1 of the Lair of Beasts
 22061 | Lair:1   | Noticed Gastronok
 22682 | Lair:1   | Noticed Fannar
 22838 | Lair:1   | Noticed Erica
 23037 | Lair:1   | Reached *** piety under Ashenzari
 23037 | Lair:1   | Identified the cursed ring of Ashenzari's Insecurity
                  | {rCorr, Necr, Spc} (You found it on level 1 of the Lair of
                  | Beasts)
 23037 | Lair:1   | Reached **** piety under Ashenzari
 23510 | Lair:1   | Identified the +3 flail of Gravity {drain, +Fly Dex+5}
 23826 | Lair:2   | Noticed Sonja
 24253 | Lair:2   | Noticed a catoblepas
 25264 | Lair:2   | Noticed Harold
 25651 | D:8      | Killed Erica
 25652 | D:8      | Reached skill level 8 in Fighting
 25809 | Lair:1   | Gained mutation: Your thick and shaggy fur keeps you warm.
                  | (AC +3, rC+) [Felid growth]
 25809 | Lair:1   | Reached XP level 12. HP: 54/55 MP: 22/24
 27298 | Lair:3   | Noticed a six-headed hydra
 27494 | Lair:4   | Found a staircase to the Swamp.
 27817 | Lair:3   | Killed a six-headed hydra
 28975 | Lair:4   | Noticed Urug
 29471 | Lair:4   | Reached ***** piety under Ashenzari
 29471 | Lair:4   | Identified the cursed ring of the Celestial Augur {rF+,
                  | Fght, Spc} (You found it on level 4 of the Lair of Beasts)
 29471 | Lair:4   | Reached ****** piety under Ashenzari
 29566 | Lair:4   | Found a hole to the Spider Nest.
 29618 | Lair:5   | Noticed a six-headed hydra
 29619 | Lair:5   | Killed a six-headed hydra
 30036 | Lair:5   | Found a viscous altar of Jiyva.
 30036 | Lair:5   | Found a staircase to the Slime Pits.
 30328 | Lair:5   | Noticed Rupert
 30633 | Lair:4   | Noticed a death yak
 30666 | Lair:5   | Reached skill level 9 in Fighting
 30933 | Lair:5   | Noticed a five-headed hydra
 30998 | Lair:5   | Killed a five-headed hydra
 31006 | Lair:5   | Noticed a death yak
 31021 | Lair:5   | Noticed a death yak
 31023 | Lair:5   | Killed a death yak
 31342 | Lair:4   | Killed Urug
 31508 | Lair:4   | Noticed a death yak
 31508 | Lair:4   | Noticed a death yak
 31568 | Lair:4   | Reached XP level 13. HP: 60/60 MP: 22/26
 33369 | Lair:6   | Entered Level 6 of the Lair of Beasts
 33552 | Lair:6   | Reached skill level 10 in Unarmed Combat
 33915 | Lair:6   | Identified the +0 leather armour of Sino {Regen+ rCorr}
 34156 | Lair:6   | Reached skill level 10 in Fighting
 35024 | Lair:6   | Reached skill level 10 in Spellcasting
 35471 | Orc:1    | Entered Level 1 of the Orcish Mines
 35647 | Orc:2    | Entered Level 2 of the Orcish Mines
 36105 | Orc:2    | Noticed an orc warlord
 37062 | Orc:2    | Found a staircase to the Elven Halls.
 37184 | Orc:2    | Found Ges Wuih's Jewellery Shop.
 37422 | Orc:2    | Killed an orc warlord
 37423 | Orc:2    | Reached skill level 11 in Fighting
 37579 | Orc:2    | Found Reavvas's Antique Armour Shoppe.
 37579 | Orc:2    | Found Heenk's Antique Weapon Shop.
 37581 | Orc:2    | Found Aryog's Armour Shoppe.
 37581 | Orc:2    | Found Qakki's Weapon Shop.
 38942 | Orc:2    | Paralysed by an orc sorcerer for 3 turns
 38981 | Orc:1    | Reached XP level 14. HP: 65/67 MP: 25/29
 39193 | D:9      | Bought a book of Transfigurations for 825 gold pieces
 39205 | D:9      | Learned a level 6 spell: Statue Form
 39373 | D:3      | Killed Morbidden's ghost
 39825 | D:9      | Found a runed translucent door.
 40179 | D:11     | Reached skill level 1 in Transmutations
 40186 | D:11     | Noticed Mitsuki's ghost (journeyman DECj)
 41121 | D:11     | Reached skill level 1 in Earth Magic
 42405 | D:13     | Learned a level 3 spell: Stone Arrow
 45415 | Swamp:1  | Entered Level 1 of the Swamp
 45779 | Lair:4   | Reached skill level 12 in Fighting
 46272 | Lair:4   | Killed Rupert
 46641 | Lair:5   | Reached skill level 5 in Transmutations
 49829 | Lair:6   | Reached skill level 5 in Earth Magic
 49966 | Spider:1 | Entered Level 1 of the Spider Nest
 49979 | Lair:4   | Reached XP level 15. HP: 29/73 MP: 27/31
 50949 | Spider:1 | Identified the +6 short sword of Certain Death {vorpal,
                  | Will+ Str+4}
 51309 | Spider:1 | Learned a level 6 spell: Iron Shot
 51601 | Spider:1 | Gained mutation: You are weak. (Str -2) [mutagenic glow]
 52744 | Spider:2 | Reached skill level 13 in Fighting
 52930 | Spider:2 | Noticed Nikola
 53356 | Spider:2 | Noticed Asterion
 53803 | Spider:2 | Found the +9 staff of Wucad Mu {*channel}
 54485 | Spider:3 | Noticed Zaguo's ghost (adept MfTm)
 54486 | Spider:3 | Noticed Gaequw's ghost (adept DsGl)
 54495 | Spider:3 | Found the +7 mace of Variability {chain chaos}
 55341 | Spider:3 | Noticed Mara
 55734 | Spider:3 | Reached XP level 16. HP: 78/78 MP: 25/33
 55943 | Spider:3 | Found a runed translucent gate.
 55965 | Spider:3 | Found a runed translucent gate.
 55965 | Spider:3 | Found a runed translucent gate.
 56189 | Spider:4 | Entered Level 4 of the Spider Nest
 56192 | Spider:4 | Noticed Louise
 57146 | Spider:4 | Reached skill level 14 in Fighting
 58953 | Spider:4 | Got a gossamer rune of Zot
 60394 | Swamp:3  | Identified the +3 halberd of Fate {distort, *Noise Str+4}
 60416 | Swamp:3  | HP: 3/104 [bog body (4)]
 60416 | Swamp:3  | Demolished by a bog body
 60417 | Swamp:3  | Reached XP level 15. HP: -16/98 MP: 24/34
 60547 | Swamp:2  | Reached XP level 16. HP: 80/80 MP: 27/35
 60916 | Swamp:2  | Reached skill level 15 in Fighting
 61053 | Swamp:2  | Reached skill level 10 in Earth Magic
 62393 | Swamp:3  | Found a shimmering altar of Xom.
 62727 | Swamp:4  | Entered Level 4 of the Swamp
 63871 | Swamp:4  | Noticed a thorn hunter
 63890 | Swamp:4  | Killed a thorn hunter
 64609 | Swamp:4  | Noticed the 27-headed Lernaean hydra
 64631 | Swamp:3  | Slain by the 27-headed Lernaean hydra
 64632 | Swamp:3  | Reached XP level 15. HP: -3/100 MP: 34/34
 65457 | Swamp:4  | Got a decaying rune of Zot
 65710 | D:9      | Paralysed by a great orb of eyes for 2 turns
 65911 | D:10     | Killed Snorg
 65937 | D:11     | Killed Mitsuki's ghost
 65938 | D:11     | Reached XP level 16. HP: 72/82 MP: 27/35
 66369 | D:15     | Entered Level 15 of the Dungeon
 66382 | D:15     | Reached skill level 15 in Spellcasting
 66466 | D:15     | Reached skill level 16 in Fighting
 66501 | D:15     | Found a frozen archway.
 66578 | IceCv    | Entered an ice cave
 66578 | IceCv    | Identified 2 scrolls of acquirement
 66667 | IceCv    | Found a transporter.
 66690 | IceCv    | Found a transporter.
 67402 | D:15     | Found a staircase to the Depths.
 69475 | D:14     | Found a gate to the Vaults.
 69813 | Vaults:1 | Entered Level 1 of the Vaults
 70366 | Vaults:1 | Acquired 930 gold pieces
 70368 | Vaults:1 | Acquired a book of Geomancy
 70373 | Vaults:1 | Learned a level 2 spell: Passwall
 70379 | Vaults:1 | Learned a level 5 spell: Lee's Rapid Deconstruction
 70654 | Vaults:1 | HP: 4/83 [wraith (12)]
 70655 | Vaults:1 | Mangled by a yaktaur captain

Illustrated notes

Levels and vault maps discovered:
D:1:      dpeg_arrival_court, layout_rooms
D:2:      layout_loops_ring, old_standard_altar
D:3:      layout_basic, ebering_ghost_sewer_d, grunt_decor_arrowhead, hex_medium
D:4:      layout_cave_pools, marbit_many_paths, chequers_serial_rivers_room_b,
          nemelex_xobeh_ov_fountains_minmay, uniq_sigmund, uniq_robin
D:5:      layout_loops_ring, evilmike_ruin_ashenzari,
          nicolae_overflow_crystal_walls, grunt_temple_overflow_open,
          minmay_temple_entry_antechambers, basic_altar, minmay_misc_feat_tiny
D:6:      layout_basic, overflow_temple_1_default
D:7:      layout_gridville, kennysheep_nub, fedhas_altar_decomposition
D:8:      layout_cave_pools, lair_entry_dummy, enter_bailey_3, special_room
          [special_room_orc]
D:9:      gammafunk_jiyva_shrine, layout_loops_ring, gammafunk_ghost_mausoleum,
          nicolae_transmutations_shop, minmay_st_funbox, uniq_erolcha
D:10:     layout_cave_pools, orc_0_dummy, minmay_fractal_squares_gapless_5,
          uniq_snorg
D:11:     layout_roguey, ebering_ghost_reflecting_pool
D:12:     layout_big_octagon, roderic_roman_lattice
D:13:     layout_irregular_city, hangedman_decor_clover_reticule,
          feat_on_display
D:14:     cheibrodos_magma_flow, layout_small_grid,
          grunt_vaults_entry_fortified, skrybe_limestone_x, grunt_livestock,
          kennysheep_opposing_triangles
D:15:     grunt_enter_depths_hoard, layout_gridville,
          portal_ice_cave_demonic_guard
Lair:1:   layout_regular_city, ldierk_geyser, uniq_erica, uniq_gastronok,
          uniq_fannar
Lair:2:   layout_hall_layers, grunt_megastairs_1, uniq_harold, uniq_sonja
Lair:3:   layout_layer_cave, serial_bayou_shore_b
Lair:4:   layout_concentric_octagons, skrybe_swamp_entry_bodies,
          nicolae_spider_entry_orb_guardian, gauntlet_entry_generic,
          serial_bayou_shore_a, grunt_megastairs_2, uniq_urug
Lair:5:   layout_long_grid, slime_altar_1, wad_woods_river_01, uniq_rupert
Lair:6:   evilmike_catoblepas_cave, layout_hall_layers,
          chequers_serial_rivers_room_b
Swamp:1:  layout_basic_swamp, evilmike_swamp_ruin_house_4, hangedman_swamp_pad
Swamp:2:  layout_basic_swamp, evilmike_swamp_ruin_house_3, swamp_pool3,
          nicolae_swamp_triple_paths, st_swamp_ruins_1
Swamp:3:  layout_basic_swamp, evilmike_swamp_ruin_rubble_2, swamp_pool1,
          nicolae_swamp_godswood
Swamp:4:  swamp_old_school, layout_basic_swamp
Spider:1: layout_spider_delve
Spider:2: spider_temple_joshua, uniq_asterion, uniq_nikola
Spider:3: layout_chambers, gammafunk_ghost_cemetery, uniq_mara
Spider:4: spider_rune_water, uniq_louise
Orc:1:    layout_caves
Orc:2:    grunt_orc_tribal_feast, layout_caves, serial_shops, shop
Vaults:1: grunt_vaults_hallway_long, st_cross, v_misc_1, v_misc_25,
          vaults_dpeg_cross, hangedman_vaults_stretched_pinwheel,
          vaults_room_grunt_arrival_ludios, layout_vaults_omnigrid,
          serial_shops, nicolae_shop_overgrown_old_shop

Skill      XL: |  1  2  3  4  5  6  7  8  9 10 11 12 13 14 15 16 |
---------------+-------------------------------------------------+-----
Dodging        | 3 4 5 6 8 9 10 12 | 12.2
Fighting       | 1 2 3 4 5 6 8 9 11 12 13 16 | 16.6
Hexes          | 5 6 7 8 9 10 12 13 | 13.4
Unarmed Combat | 2 3 4 6 7 8 9 10 | 10.0
Stealth        | 5 6 7 9 10 11 13 | 13.3
Spellcasting   | 3 4 5 6 7 8 10 11 12 15 | 15.6
Transmutations | 6 9 |  9.1
Earth Magic    | 5 11 12 | 12.2

Action                   |  1- 3 |  4- 6 |  7- 9 | 10-12 | 13-15 | 16-18 || total
-------------------------+-------+-------+-------+-------+-------+-------++-------
Melee: Unarmed           |   142 |   168 |   744 |   642 |  1554 |  1311 ||  4561
       Bite              |     6 |    21 |    80 |    53 |   174 |   116 ||   450
       Punch             |       |     1 |     9 |    17 |    67 |    55 ||   149
 Cast: Corona            |    33 |     9 |    36 |    31 |    68 |    24 ||   201
       Confusing Touch   |    11 |    23 |   134 |   120 |   317 |   207 ||   812
       Tukima's Dance    |       |     7 |    32 |    24 |    71 |     6 ||   140
       Ensorcelled Hiber |       |     5 |    14 |    36 |   184 |     1 ||   240
       Stone Arrow       |       |       |       |       |    34 |    78 ||   112
       Statue Form       |       |       |       |       |    59 |   137 ||   196
       Lee's Rapid Decon |       |       |       |       |       |     5 ||     5
Invok: Curse Item        |       |       |       |     3 |       |       ||     3
Evoke: Wand              |       |       |       |     5 |     2 |     1 ||     8
       Lightning rod     |       |       |       |     1 |       |       ||     1
  Use: Potion            |       |       |     1 |     3 |     1 |    12 ||    17
       Scroll            |       |       |       |     1 |     9 |     9 ||    19
 Stab: Sleeping          |    10 |     4 |    15 |    52 |    73 |    14 ||   168
       Confused          |     8 |    19 |    94 |   113 |   221 |   119 ||   574
       Distracted        |       |       |     1 |       |     3 |     2 ||     6
       Paralysed         |       |       |       |       |     1 |     1 ||     2
       Held in net/web   |       |       |       |       |       |     1 ||     1
Armor: Skin              |    10 |     5 |    22 |    19 |   369 |   794 ||  1219
Dodge: Dodged            |    77 |   121 |   521 |   482 |  2205 |  3060 ||  6466

Table legend: (Time is in decaauts)
 A = Elapsed time spent in this place.
 B = Non-inter-level travel time spent in this place.
 C = Inter-level travel time spent in this place.
 D = Time resting spent in this place.
 E = Time spent auto-exploring this place.
 F = Levels seen in this place.
 G = Mean time per level.
                   A        B        C        D        E       F      G
               +--------+--------+--------+--------+--------+-----+--------+
         Total |  69345 |  55986 |  13359 |  14359 |  23038 |  33 | 2101.4 |
       Dungeon |  30811 |  26085 |   4726 |   5419 |  12845 |  15 | 2054.1 |
          Lair |  15756 |  11543 |   4213 |   4471 |   3370 |   6 | 2626.0 |
         Swamp |   7953 |   5981 |   1972 |   1631 |   2037 |   4 | 1988.2 |
   Spider Nest |   9884 |   8090 |   1794 |   1999 |   2745 |   4 | 2471.0 |
  Orcish Mines |   3341 |   2923 |    418 |    813 |   1280 |   2 | 1670.5 |
        Vaults |    993 |    760 |    233 |     24 |    287 |   1 |  993.0 |
      Ice Cave |    604 |    604 |      0 |      0 |    473 |   1 |  604.0 |
               +--------+--------+--------+--------+--------+-----+--------+

Top non-repeatable levels by time:
     D:7: 4301 daAuts
  Lair:4: 4160 daAuts
     D:3: 3583 daAuts
Spider:3: 3570 daAuts
  Lair:6: 3437 daAuts
    D:14: 3217 daAuts
     D:8: 2847 daAuts
  Lair:5: 2782 daAuts
 Swamp:4: 2417 daAuts
  Lair:3: 2320 daAuts
    D:15: 2177 daAuts
 Swamp:2: 2168 daAuts
Spider:4: 2156 daAuts
    D:11: 2140 daAuts
Spider:2: 2090 daAuts
